 Dungeon Crawl Stone Soup version 0.26.1-11-gd32895ea62 (webtiles) character file.

Game seed: 7731410289597125496

26 Brecoman the Skirmisher (level 2, -3/24 HPs)
             Began as a Demonspawn Abyssal Knight on Apr 17, 2021.
             Was a Follower of Lugonu.
             Killed from afar by a white imp (8 damage)
             ... with a puff of frost
             ... summoned by Natasha
             ... on level 1 of the Dungeon.
             The game lasted 00:03:49 (1187 turns).

Brecoman the Skirmisher (Demonspawn Abyssal Knight) Turns: 1187, Time: 00:03:51

Health: -3/24      AC:  9    Str: 12    XL:     2   Next: 89%
Magic:  4/4        EV:  5    Int: 13    God:    Lugonu [*.....]
Gold:   84         SH:  0    Dex: 12    Spells: 1/1 levels left

rFire    . . .     SeeInvis .   a - +1 falchion
rCold    . . .     Faith    .   (no shield)
rNeg     . . .     Spirit   .   d - +0 chain mail (curse)
rPois    .         Reflect  .   (no helmet)
rElec    .         Harm     .   h - +0 cloak
rCorr    .         Rampage  .   (no gloves)
Will     .....                  (no boots)
Stlth    ..........             (no amulet)
HPRegen  0.08/turn              (no ring)
MPRegen  0.09/turn              (no ring)

@: no status effects
A: claws 1
a: Renounce Religion, Depart the Abyss


You were on level 1 of the Dungeon.
You worshipped Lugonu.
Lugonu was aware of your devotion.
You visited 1 branch of the dungeon, and saw 2 of its levels.
You visited the Abyss 1 time.

You collected 84 gold pieces.

Inventory:

Hand Weapons
 a - a +1 falchion (weapon)
Missiles
 c - 101 stones
Armour
 b - a +0 leather armour
 d - a cursed +0 chain mail (worn)
 h - a +0 cloak (worn)
Scrolls
 e - a scroll of remove curse {unknown}
 f - 2 scrolls of identify {unknown}
 g - 4 scrolls of enchant armour {unknown}
 i - a scroll of amnesia {unknown}
 j - a scroll of fog {unknown}
 m - a scroll of enchant weapon {unknown}
Potions
 k - a potion of heal wounds {unknown}
 l - a potion of curing {unknown}


   Skills:
 + Level 3.3 Fighting
 - Level 2.0 Long Blades
 - Level 1.7 Armour
 + Level 1.4 Dodging
 + Level 0.4 Unarmed Combat
 + Level 3.1 Invocations


You had one spell level left.
You didn't know any spells.
Your spell library was empty.

Dungeon Overview and Level Annotations

Branches:
Dungeon (2/15)

Altars:

Annotations:
D:1 Natasha
D:2 Jessica


Innate Abilities, Weirdness & Mutations

You have sharp fingernails.


Message History

You are too injured to fight recklessly!
You are too injured to fight recklessly!
You closely miss Natasha.
Natasha is severely wounded.
The white imp gestures at you. The puff of frost hits you.
Natasha stares at you and mumbles some strange words.
The magic dart hits you but does no damage.
Your chain mail prevents you from hitting Natasha.
Natasha is severely wounded.
Natasha stares at you and mumbles some strange words.
The magic dart hits you.
* * * LOW HITPOINT WARNING * * *
You hit Natasha.
Natasha is severely wounded.
The white imp hits you but does no damage.
Natasha closely misses you. The white imp gestures at you.
The puff of frost hits you!
You die...

#.'..<..'.....# #.....)....
######.############## #.#########
.............#......# #.#
###.#####.####......# #.#
###.#####.###.......# #.#
.#.........#........###.#
######.######...........# #####
'...........'...5h..##### ##....
######.######...@...)..#####...##
#..# #.# #...........(...........
#..# #.# #########[###.#####...#.
#..###### #.# #........... #...#
#.# #.# ########.### ##..###.#
###### #.# #.# #......#
#....###.## #.# ##†#####
#.##.##.#.## #.### #.#
#.##.#.###.## #....


You could see Natasha and a white imp (summoned).

Vanquished Creatures
  2 leopard geckos (D:1)
  A giant cockroach (D:2)
  4 goblins (D:1)
  2 hobgoblins (D:1)
  3 bats (D:1)
  3 frilled lizards (D:1)
  5 kobolds (D:1)
  3 rats (D:1)
23 creatures vanquished.

Notes
Turn   | Place    | Note
-------+----------+-------------------------------------------
     0 | Abyss:1  | Brecoman the Demonspawn Abyssal Knight began the quest for
                  | the Orb.
     0 | Abyss:1  | Reached XP level 1. HP: 18/18 MP: 2/2
    65 | Abyss:1  | Noticed a small abomination
    74 | D:1      | Escaped the Abyss
   153 | D:1      | Reached skill level 1 in Dodging
   296 | D:1      | Gained mutation: You have sharp fingernails. [demonic
                  | ancestry]
   296 | D:1      | Reached XP level 2. HP: 24/24 MP: 4/4
   433 | D:1      | Reached * piety under Lugonu
   970 | D:2      | Noticed Natasha
   972 | D:2      | Noticed Jessica
   981 | D:2      | Noticed a crimson imp
  1187 | D:1      | Killed from afar by a white imp

Illustrated notes

Levels and vault maps discovered:
D:1:      shiori_shiawase, layout_loops_ring, amcnicky_mini_rare_corridor_liquid
D:2:      layout_loops_ring, nemelex_xobeh_ov_fountains_minmay, uniq_robin,
          uniq_jessica, uniq_natasha

Skill      XL: |  1  2 |
---------------+-------+-----
Dodging        | 1 |  1.4
Long Blades    | 2 |  2.0
Invocations    | 3 |  3.1
Fighting       | |  3.3
Armour         | |  1.7
Unarmed Combat | |  0.4

Action                   || total
-------------------------++-------
Melee: Falchion          ||    97
Invok: Depart the Abyss  ||     1
Armor: Leather armour    ||     8
       Chain mail        ||    49
Dodge: Dodged            ||    38
       Rpst.: Falchion   ||    14
